 Dungeon Crawl Stone Soup version 0.19-a0-1692-g68728bb (webtiles) character file.

56 Psiweapon the Skirmisher (level 3, -3/33 HPs)
             Began as a Hill Orc Fighter on Sept 26, 2016.
             Slain by a phantom (4 damage)
             ... on level 3 of the Dungeon.
             The game lasted 00:07:27 (1578 turns).

Psiweapon the Skirmisher (Hill Orc Fighter)         Turns: 1578, Time: 00:07:28

Health: -3/33      AC: 11    Str: 19    XL:     3   Next: 95%
Magic:  3/3        EV:  5    Int:  8    God:
Gold:   119        SH:  9    Dex: 10    Spells: 0 memorised, 2 levels left

rFire  . . .     SeeInvis .     a - +0 war axe
rCold  . . .     Gourm    .     C - +0 chain mail
rNeg   . . .     Faith    .     c - +0 shield
rPois  .         Spirit   .     h - +0 helmet
rElec  .         Dismiss  .     (no cloak)
rCorr  .         Reflect  .     (no gloves)
MR     .....     Harm     .     (no boots)
Stlth  ..........               (no amulet)
                                (no ring)
                                (no ring)

@: no status effects
A: no striking features
a: no special abilities


You were on level 3 of the Dungeon.
You were not hungry.

You visited 1 branch of the dungeon, and saw 4 of its levels.

You collected 119 gold pieces.

Inventory:

Hand Weapons
 a - a +0 war axe (weapon)
 b - a +0 hunting sling
 y - a +2 whip of draining
Missiles
 l - 37 sling bullets
 m - 93 stones (quivered)
 t - 21 poisoned needles
 v - 2 tomahawks
 D - 17 bolts
Armour
 c - a +0 shield (worn)
 h - a +0 helmet (worn)
 w - a +0 scale mail
 C - a +0 chain mail (worn)
Scrolls
 n - a scroll of enchant armour {unknown}
 p - 3 scrolls of remove curse {unknown}
 q - a scroll of teleportation {unknown}
 s - 5 scrolls of fear {unknown}
 u - a scroll of magic mapping {unknown}
 x - a scroll of recharging {unknown}
 z - a scroll of identify {unknown}
 B - a scroll of blinking {unknown}
Potions
 d - a potion of might
 e - a potion of agility {unknown}
 i - a potion of degeneration {unknown}
 j - 2 potions of magic {unknown}
 k - 2 potions of haste {unknown}
 o - a potion of invisibility {unknown}
 r - a potion of heal wounds {unknown}
 A - a potion of ambrosia {unknown}
Comestibles
 f - a bread ration
 g - a meat ration


   Skills:
 + Level 4.1 Fighting
 + Level 3.8 Axes
 + Level 0.5 Slings
 + Level 3.6 Armour
 + Level 0.1 Dodging
 + Level 3.7 Shields


You had 2 spell levels left.
You didn't know any spells.

Dungeon Overview and Level Annotations

Branches:
Dungeon (4/15)
 Temple: D:4-7

Altars:


Message History

The worm bites you but does no damage.
You hit the worm but do no damage.
The worm is heavily wounded.
The worm bites you.
You slash the worm!
The worm is almost dead.
You closely miss the phantom.
The phantom hits you but does no damage.
The phantom hits you!
* * * LOW HITPOINT WARNING * * *
The phantom blinks!
You hit the worm.
The worm is almost dead.
You slash the phantom! The phantom hits you.
* * * LOW HITPOINT WARNING * * *
The worm bites you but does no damage.
Your shield and chain mail prevent you from hitting the worm.
The worm is almost dead.
You hit the phantom. The phantom hits you.
You die...

#######
#.w...#
#.###..@W.#
..........#
.####.....#
#.....#
##..###
#.## #.#
#.# #<#


You could see a phantom and a worm.

Vanquished Creatures
  An adder (D:2)
  A gnoll (D:2)
  A worm (D:2)
  2 dart slugs (D:2)
  An orc (D:3)
  2 giant cockroaches (D:1)
  4 goblins
  2 hobgoblins (D:1)
  2 jackals (D:2)
  2 bats
  3 frilled lizards (D:1)
  5 kobolds
  5 rats
31 creatures vanquished.

Notes
Turn   | Place    | Note
-------+----------+-------------------------------------------
     0 | D:1      | Psiweapon the Hill Orc Fighter began the quest for the Orb.
     0 | D:1      | Reached XP level 1. HP: 19/19 MP: 1/1
   265 | D:1      | Reached XP level 2. HP: 27/27 MP: 2/2
   708 | D:2      | Reached skill level 4 in Fighting
   714 | D:2      | Reached XP level 3. HP: 21/33 MP: 3/3
   931 | D:2      | Found a faded altar of an unknown god.
  1564 | D:4      | Noticed a phantom
  1577 | D:3      | HP: 1/33 [phantom (3)]
  1578 | D:3      | Slain by a phantom

Vault maps used:
D:1:      lightli_arrival_boilingwater
D:2:      ecumenical_altar_1, minmay_domino_2
D:3:      grunt_temple_overflow_open, minitemple, portal_sewer_entry_e,
          uniq_crazy_yiuf_cottage
D:4:      kennysheep_slugbush, uniq_sigmund, uniq_menkaure

Skill      XL: |  1  2 |
---------------+-------+-----
Fighting       | 4 |  4.1
Axes           | 3 |  3.8
Slings         | |  0.5
Armour         | |  3.6
Dodging        | |  0.1
Shields        | |  3.7

Action                   || total
-------------------------++-------
Melee: War axe           ||    99
 Fire: Hunting sling     ||     7
Throw: Stone             ||     2
  Eat: Chunk             ||     2
Armor: Scale mail        ||    37
       Chain mail        ||    12
Dodge: Dodged            ||    28
Block: Shield            ||    44
